[Event "33rd Cannes Open 2019"]
[Site "Cannes"]
[Date "2019.02.19"]
[Round "2.2"]
[White "Gupta, Abhijeet"]
[Black "Di Benedetto, Edoardo"]
[Result "1-0"]
[ECO "D35"]
[WhiteElo "2587"]
[BlackElo "2382"]
[Annotator "ChessBase"]
[PlyCount "53"]
[EventDate "2019.02.18"]
[EventType "swiss"]
[EventCountry "FRA"]
[SourceTitle "playchess.com"]
[Source "ChessBase"]
[SourceQuality "1"]
[TimeControl "40/5400+30:1800+30"]

1. d4 d5 2. c4 e6 3. Nc3 Nf6 4. cxd5 exd5 5. Bg5 Be7 6. e3 O-O 7. Bd3 c6 8. Qc2 g6 9. Nf3 Nh5 10. Bh6 Re8 11. h3 Bf8 12. Bg5 Be7 13. g4 Ng7 14. Bh6 Rf8 15. O-O-O f5 16. Ne5 Bg5 17. Bxg7 Kxg7 18. h4 Bf6 19. h5 Bxe5 20. dxe5 fxg4 21. hxg6 h6 22. f4 gxf3 23. Rxh6 Rh8 24. Rh7+ Rxh7 25. gxh7 Be6 26. Bf5 Qe7 27. Bxe6 1-0

[Event "33rd Cannes Open 2019"]
[Site "Cannes"]
[Date "2019.02.19"]
[Round "3.3"]
[White "Popov, Artem G."]
[Black "Nasuta, Grzegorz"]
[Result "1/2-1/2"]
[ECO "D80"]
[WhiteElo "1353"]
[BlackElo "2504"]
[Annotator "ChessBase"]
[PlyCount "51"]
[EventDate "2019.02.18"]
[EventType "swiss"]
[EventCountry "FRA"]
[SourceTitle "playchess.com"]
[Source "ChessBase"]
[SourceQuality "1"]
[TimeControl "40/5400+30:1800+30"]

1. d4 Nf6 2. c4 g6 3. Nc3 d5 4. Bg5 Bg7 5. Bxf6 Bxf6 6. cxd5 c6 7. e4 Bg7 8. Bc4 cxd5 9. exd5 O-O 10. Nge2 Nd7 11. O-O Nf6 12. Qb3 a6 13. a4 b6 14. Rfe1 Bb7 15. Qb4 Bxd5 16. Nxd5 Nxd5 17. Bxd5 Qxd5 18. Qxe7 Rfd8 19. Rac1 Bxd4 20. Nxd4 Qxd4 21. Rc7 Rf8 22. b3 Rac8 23. h3 Rxc7 24. Qxc7 a5 25. Qe5 Rd8 26. Re3 1/2-1/2

[Event "33rd Cannes Open 2019"]
[Site "Cannes"]
[Date "2019.02.19"]
[Round "3.4"]
[White "Krzyzanowski, Marcin"]
[Black "Yankelevich, Lev"]
[Result "1-0"]
[ECO "A45"]
[WhiteElo "2504"]
[BlackElo "2445"]
[Annotator "ChessBase"]
[PlyCount "95"]
[EventDate "2019.02.18"]
[EventType "swiss"]
[EventCountry "FRA"]
[SourceTitle "playchess.com"]
[Source "ChessBase"]
[SourceQuality "1"]
[TimeControl "40/5400+30:1800+30"]

1. d4 Nf6 2. Bf4 c5 3. d5 d6 4. Nc3 e5 5. dxe6 Bxe6 6. e4 d5 7. exd5 Nxd5 8. Nxd5 Bxd5 9. Qe2+ Be6 10. Nf3 Nc6 11. Qb5 Qc8 12. O-O-O Be7 13. Bd6 O-O 14. Qxc5 b6 15. Qc3 Rd8 16. Bxe7 Rxd1+ 17. Kxd1 Qd7+ 18. Kc1 Nxe7 19. Bc4 Rc8 20. Bxe6 Qxe6 21. Rd1 h6 22. Qb3 Qg4 23. Qxf7+ Kxf7 24. Ne5+ Ke6 25. Nxg4 Nd5 26. Ne3 Nxe3 27. fxe3 Rf8 28. c4 Ke5 29. Kc2 Ke4 30. Rd7 Rf2+ 31. Rd2 Rf1 32. b4 Kxe3 33. Kc3 Rf5 34. Rd3+ Ke4 35. Rd7 Rg5 36. Re7+ Kf4 37. Re2 Rh5 38. Kd4 Rxh2 39. g3+ Kxg3 40. Rxh2 Kxh2 41. c5 g5 42. c6 g4 43. c7 g3 44. c8=Q g2 45. Qc7+ Kh1 46. Qc6 h5 47. Ke3 Kh2 48. Qd6+ 1-0

[Event "33rd Cannes Open 2019"]
[Site "Cannes"]
[Date "2019.02.19"]
[Round "3.8"]
[White "Paszewski, Mateusz"]
[Black "Ghasi, Ameet K"]
[Result "0-1"]
[ECO "B08"]
[WhiteElo "2347"]
[BlackElo "2503"]
[Annotator "RC"]
[PlyCount "74"]
[EventDate "2019.02.18"]
[EventType "swiss"]
[EventCountry "FRA"]
[SourceTitle "playchess.com"]
[Source "ChessBase"]
[SourceQuality "1"]
[TimeControl "40/5400+30:1800+30"]

1. e4 d6 2. d4 Nf6 3. Nc3 g6 4. Nf3 Bg7 5. Be3 c6 6. Qd2 O-O 7. Bh6 b5 8. Bd3 Bg4 9. O-O-O e5 10. dxe5 dxe5 11. Ne2 Nbd7 12. Bxg7 Kxg7 13. h3 Bxf3 14. gxf3 Nc5 15. h4 Nh5 16. f4 Qe7 17. fxe5 Qxe5 18. f4 Qe7 19. Qe3 Rad8 20. e5 Ne6 21. Rdg1 Qc5 22. Qf3 Qd5 23. Qxd5 Rxd5 24. Be4 Rc5 25. Rf1 Rd8 26. Rh3 Nd4 27. Ng1 Rc4 28. Re3 b4 29. Bd3 Rc5 30. Ne2 b3 31. axb3 Nxb3+ 32. Kd1 Na5 33. Re4 Nc4 34. Kc1 Rxd3 35. cxd3 Ne3+ 36. Rc4 Rxc4+ 37. dxc4 Nxf1 0-1

[Event "33rd Cannes Open 2019"]
[Site "Cannes"]
[Date "2019.02.20"]
[Round "4.1"]
[White "Gupta, Abhijeet"]
[Black "Krzyzanowski, Marcin"]
[Result "1-0"]
[ECO "A65"]
[WhiteElo "2587"]
[BlackElo "2504"]
[Annotator "ChessBase"]
[PlyCount "63"]
[EventDate "2019.02.18"]
[EventType "swiss"]
[EventCountry "FRA"]
[SourceTitle "playchess.com"]
[Source "ChessBase"]
[SourceQuality "1"]
[TimeControl "40/5400+30:1800+30"]

1. d4 Nf6 2. c4 c5 3. d5 e6 4. Nc3 exd5 5. cxd5 d6 6. e4 g6 7. f3 Bg7 8. Nge2 a6 9. a4 Nbd7 10. Ng3 h5 11. Be2 Rb8 12. O-O Nh7 13. Be3 Ne5 14. Qd2 O-O 15. f4 Ng4 16. Bxg4 hxg4 17. e5 b6 18. Nce4 dxe5 19. f5 gxf5 20. Nxf5 Bxf5 21. Rxf5 Qd7 22. Raf1 Qxa4 23. Ng3 Qb4 24. Qf2 Qb3 25. Rh5 Nf6 26. Rg5 Nh7 27. Rxg4 f5 28. Nxf5 Rxf5 29. Qxf5 Qxe3+ 30. Kh1 Kh8 31. Rh4 Bh6 32. Rxh6 1-0

[Event "33rd Cannes Open 2019"]
[Site "Cannes"]
[Date "2019.02.20"]
[Round "4.3"]
[White "Nasuta, Grzegorz"]
[Black "Barp, Alberto"]
[Result "1-0"]
[ECO "C45"]
[WhiteElo "2504"]
[BlackElo "2420"]
[Annotator "RC"]
[PlyCount "60"]
[EventDate "2019.02.18"]
[EventType "swiss"]
[EventCountry "FRA"]
[SourceTitle "playchess.com"]
[Source "ChessBase"]
[SourceQuality "1"]
[TimeControl "40/5400+30:1800+30"]

1. e4 e5 2. Nf3 Nc6 3. d4 exd4 4. Nxd4 Bc5 5. Nxc6 Qf6 6. Qf3 dxc6 7. Nc3 Be6 8. Qg3 O-O-O 9. Be3 Bxe3 10. Qxe3 Qd4 11. Qxd4 Rxd4 12. Rd1 Rxd1+ 13. Kxd1 Ne7 14. Be2 Rd8+ 15. Kc1 c5 16. Rd1 Rd4 17. f4 f6 18. a3 Nc6 19. Bf3 Rxd1+ 20. Bxd1 Nd4 21. Kd2 Kd7 22. Ke3 f5 23. Ne2 Nxe2 24. Bxe2 g6 25. exf5 gxf5 26. Bd3 Ke7 27. g4 c4 28. Bxf5 Bxf5 29. gxf5 Kf6 30. c3 Kxf5 {[%emt 0:00:04] Ke4+} 1-0

[Event "33rd Cannes Open 2019"]
[Site "Cannes"]
[Date "2019.02.20"]
[Round "4.4"]
[White "Ghasi, Ameet K"]
[Black "Popov, Artem G."]
[Result "1/2-1/2"]
[ECO "A06"]
[WhiteElo "2503"]
[BlackElo "1353"]
[Annotator "RC"]
[PlyCount "89"]
[EventDate "2019.02.18"]
[EventType "swiss"]
[EventCountry "FRA"]
[SourceTitle "playchess.com"]
[Source "ChessBase"]
[SourceQuality "1"]
[TimeControl "40/5400+30:1800+30"]

1. Nf3 d5 2. g3 Bg4 3. Bg2 Nc6 4. d3 Qd7 5. h3 Bh5 6. c3 e5 7. b4 a6 8. Nbd2 f6 9. O-O Nge7 10. a4 Bf7 11. Ba3 Be6 12. Kh2 h5 13. b5 axb5 14. axb5 Nd8 15. c4 h4 16. Ng1 hxg3+ 17. fxg3 dxc4 18. Ne4 Rxa3 19. Rxa3 Nf5 20. Rxf5 Bxf5 21. Rc3 Bxe4 22. Bxe4 Bc5 23. Bg2 Bb6 24. Nf3 e4 25. Nd2 cxd3 26. Nxe4 dxe2 27. Qxe2 Qe7 28. Qg4 O-O 29. Rf3 Ne6 30. Bf1 f5 31. Rxf5 Rxf5 32. Qxf5 Qf7 33. Qxf7+ Kxf7 34. h4 Ke7 35. Kh3 Nc5 36. Nd2 c6 37. Nc4 Bc7 38. bxc6 bxc6 39. Bg2 Nd3 40. Bxc6 Ne5 41. Nxe5 Bxe5 42. g4 g6 43. Be4 Kf6 44. g5+ Kg7 45. Kg4 1/2-1/2

[Event "33rd Cannes Open 2019"]
[Site "Cannes"]
[Date "2019.02.20"]
[Round "4.6"]
[White "Flear, Glenn C"]
[Black "Paltrinieri, Nicholas"]
[Result "1/2-1/2"]
[ECO "A84"]
[WhiteElo "2451"]
[BlackElo "2295"]
[Annotator "RC"]
[PlyCount "89"]
[EventDate "2019.02.18"]
[EventType "swiss"]
[EventCountry "FRA"]
[SourceTitle "playchess.com"]
[Source "ChessBase"]
[SourceQuality "1"]
[TimeControl "40/5400+30:1800+30"]

1. d4 e6 2. c4 f5 3. Nc3 Nf6 4. e3 d6 5. b3 g6 6. Bb2 Bg7 7. g3 O-O 8. Bg2 c6 9. Nf3 Qc7 10. O-O e5 11. c5 e4 12. cxd6 Qxd6 13. Ne5 Be6 14. Qc1 Re8 15. Ba3 Qd8 16. Nc4 Na6 17. Ne2 Nd5 18. Qd2 b5 19. Ne5 c5 20. Rad1 Rc8 21. f3 Bh6 22. Nf4 cxd4 23. Qxd4 Bxf4 24. gxf4 Qb6 25. Qxb6 axb6 26. Rfe1 Rc2 27. fxe4 Nc3 28. Rd6 Rxa2 29. exf5 gxf5 30. Bc6 Rxa3 31. Bxe8 Bxb3 32. Bf7+ Bxf7 33. Rd8+ Kg7 34. Rd7 Kf6 35. Rxf7+ Ke6 36. Rxh7 Nc5 37. Rh6+ Kd5 38. Rxb6 Ra2 39. h4 N5e4 40. Nf3 Nf2 41. Nd4 Nh3+ 42. Kh1 Nf2+ 43. Kg1 Nh3+ 44. Kh1 Nf2+ 45. Kg1 1/2-1/2

[Event "33rd Cannes Open 2019"]
[Site "Cannes"]
[Date "2019.02.20"]
[Round "4.7"]
[White "Debray, Christopher"]
[Black "Gharamian, Tigran"]
[Result "1/2-1/2"]
[ECO "A40"]
[WhiteElo "2335"]
[BlackElo "2627"]
[Annotator "RC"]
[PlyCount "29"]
[EventDate "2019.02.18"]
[EventType "swiss"]
[EventCountry "FRA"]
[SourceTitle "playchess.com"]
[Source "ChessBase"]
[SourceQuality "1"]
[TimeControl "40/5400+30:1800+30"]

1. d4 Nf6 2. c4 e6 3. g3 c5 4. Nf3 cxd4 5. Nxd4 Qc7 6. Nc3 Bb4 7. Bg2 Qxc4 8. O-O Nc6 9. Ndb5 O-O 10. Bf4 d5 11. b3 Qc5 12. Bd6 Qb6 13. Bxf8 Bxf8 14. e3 Qa5 15. a3 1/2-1/2

[Event "33rd Cannes Open 2019"]
[Site "Cannes"]
[Date "2019.02.20"]
[Round "4.8"]
[White "Degraeve, Remy"]
[Black "Basso, Pier Luigi"]
[Result "0-1"]
[ECO "D11"]
[WhiteElo "2327"]
[BlackElo "2512"]
[Annotator "RC"]
[PlyCount "122"]
[EventDate "2019.02.18"]
[EventType "swiss"]
[EventCountry "FRA"]
[SourceTitle "playchess.com"]
[Source "ChessBase"]
[SourceQuality "1"]
[TimeControl "40/5400+30:1800+30"]

1. d4 d5 2. c4 c6 3. Nf3 Nf6 4. e3 Bg4 5. Nc3 e6 6. Qb3 Qb6 7. Nh4 Bh5 8. h3 g5 9. Nf3 h6 10. Bd3 Rg8 11. Qc2 Nbd7 12. Bd2 Bg6 13. Bxg6 Rxg6 14. O-O-O dxc4 15. e4 O-O-O 16. Qa4 Bb4 17. Ne2 Be7 18. Ng3 Qb5 19. Qxa7 Bb4 20. Bxb4 Qxb4 21. Rhe1 Kc7 22. Re3 g4 23. Ne1 Rgg8 24. Qa3 Qb5 25. Kb1 Ra8 26. Qc3 Rxa2 27. Kxa2 Qa4+ 28. Qa3 Qxd1 29. d5 Nb6 30. Qe7+ Nfd7 31. Ra3 exd5 32. Nf5 dxe4 33. Nd3 Nc8 34. Qxe4 cxd3 35. Qf4+ Kd8 36. Nd6 Qe2 37. Nxb7+ Ke7 38. Ra4 Qe6+ 39. Kb1 Qe1+ 40. Ka2 Qe6+ 41. Kb1 Rg5 42. Qc7 Kf6 43. Qxc8 d2 44. Rd4 Qe1+ 45. Ka2 d1=Q 46. Qh8+ Kg6 47. Qg8+ Kh5 48. Qxf7+ Kh4 49. Rxd1 Qxd1 50. Qf4 Qd5+ 51. Ka1 Qxg2 52. hxg4 Kh3 53. f3 Ne5 54. Qf6 Qf1+ 55. Ka2 Qc4+ 56. Kb1 Qd3+ 57. Ka1 Nxf3 58. Qxh6+ Kg2 59. Qf6 Qd1+ 60. Ka2 Qa4+ 61. Kb1 Rd5 0-1

[Event "33rd Cannes Open 2019"]
[Site "Cannes"]
[Date "2019.02.21"]
[Round "5.5"]
[White "Paltrinieri, Nicholas"]
[Black "Lodici, Lorenzo"]
[Result "1/2-1/2"]
[ECO "D00"]
[WhiteElo "2295"]
[BlackElo "2482"]
[Annotator "RC"]
[PlyCount "127"]
[EventDate "2019.02.18"]
[EventType "swiss"]
[EventCountry "FRA"]
[SourceTitle "playchess.com"]
[Source "ChessBase"]
[SourceQuality "1"]
[TimeControl "40/5400+30:1800+30"]

1. d4 d5 2. Bf4 Nf6 3. e3 e6 4. Nd2 c5 5. c3 Nc6 6. Ngf3 cxd4 7. exd4 Nh5 8. Be3 Bd6 9. Ne5 g6 10. g4 Ng7 11. h4 h5 12. Bg5 Qc7 13. Nxc6 bxc6 14. Bf6 Rg8 15. Bxg7 Rxg7 16. gxh5 e5 17. dxe5 Bxe5 18. Bd3 gxh5 19. Qxh5 Kf8 20. Bf5 Bxc3 21. bxc3 Qe5+ 22. Kd1 Qxf5 23. Qh8+ Rg8 24. Qh6+ Ke7 25. Qxc6 Be6 26. Qc5+ Kf6 27. Qd4+ Kg6 28. Ke2 Bd7 29. Rag1+ Kh6 30. Rg5 Qe6+ 31. Kd1 f6 32. Rxd5 Rg4 33. f4 Ba4+ 34. Kc1 Rf8 35. Rf1 Be8 36. Nc4 Qe2 37. Ne3 Rg2 38. Qd2 Qxd2+ 39. Rxd2 Rxd2 40. Kxd2 Kh5 41. Rg1 Kxh4 42. Rg7 Bc6 43. c4 Rd8+ 44. Ke2 Be4 45. f5 Kh5 46. a4 a5 47. Kf2 Rd3 48. Ra7 Kg5 49. Rxa5 Rd2+ 50. Ke1 Ra2 51. Kd1 Kf4 52. Nd5+ Bxd5 53. cxd5 Kxf5 54. d6+ Ke6 55. Rd5 Kd7 56. a5 f5 57. Ke1 f4 58. Kf1 f3 59. Ke1 Re2+ 60. Kf1 Ra2 61. Rh5 Kxd6 62. a6 Kc6 63. Rh6+ Kb5 64. Rf6 1/2-1/2

[Event "33rd Cannes Open 2019"]
[Site "Cannes"]
[Date "2019.02.21"]
[Round "5.6"]
[White "Barseghyan, Harutyun"]
[Black "Joie, Sebastien"]
[Result "1/2-1/2"]
[ECO "D00"]
[WhiteElo "2457"]
[BlackElo "2418"]
[Annotator "ChessBase"]
[PlyCount "24"]
[EventDate "2019.02.18"]
[EventType "swiss"]
[EventCountry "FRA"]
[SourceTitle "playchess.com"]
[Source "ChessBase"]
[SourceQuality "1"]
[TimeControl "40/5400+30:1800+30"]

1. d4 d5 2. Bf4 Nf6 3. e3 c5 4. c3 Nc6 5. Nd2 Bf5 6. Qb3 Qd7 7. dxc5 e5 8. Bg3 Bxc5 9. Ngf3 Bd6 10. Bb5 Qe7 11. Bh4 Be6 12. Ng5 Bd7 1/2-1/2

[Event "33rd Cannes Open 2019"]
[Site "Cannes"]
[Date "2019.02.21"]
[Round "6.2"]
[White "Ghasi, Ameet K"]
[Black "Maiorov, Nikita"]
[Result "1/2-1/2"]
[ECO "A07"]
[WhiteElo "2503"]
[BlackElo "2523"]
[Annotator "ChessBase"]
[PlyCount "29"]
[EventDate "2019.02.18"]
[EventType "swiss"]
[EventCountry "FRA"]
[SourceTitle "playchess.com"]
[Source "ChessBase"]
[SourceQuality "1"]
[TimeControl "40/5400+30:1800+30"]

1. Nf3 Nf6 2. g3 d5 3. Bg2 c6 4. O-O Bg4 5. b3 e6 6. Bb2 Nbd7 7. c4 Be7 8. d3 O-O 9. Na3 a5 10. cxd5 exd5 11. Nc2 Re8 12. Rb1 Bf8 13. h3 Bxf3 14. Bxf3 Bd6 15. Qd2 1/2-1/2

[Event "33rd Cannes Open 2019"]
[Site "Cannes"]
[Date "2019.02.21"]
[Round "6.4"]
[White "Joie, Sebastien"]
[Black "Krzyzanowski, Marcin"]
[Result "1-0"]
[ECO "E71"]
[WhiteElo "2418"]
[BlackElo "2504"]
[Annotator "ChessBase"]
[PlyCount "117"]
[EventDate "2019.02.18"]
[EventType "swiss"]
[EventCountry "FRA"]
[SourceTitle "playchess.com"]
[Source "ChessBase"]
[SourceQuality "1"]
[TimeControl "40/5400+30:1800+30"]

1. c4 g6 2. e4 Bg7 3. d4 d6 4. Nc3 Nf6 5. h3 O-O 6. Be3 c5 7. Nf3 cxd4 8. Nxd4 b6 9. g4 Bb7 10. Bg2 Nbd7 11. g5 Ne8 12. O-O Rc8 13. b3 a6 14. Rc1 Nc5 15. f4 e5 16. Nde2 exf4 17. Bxf4 Ne6 18. Be3 Nxg5 19. Nd5 b5 20. cxb5 axb5 21. Qd3 Ra8 22. Qxb5 Ba6 23. Qb6 Nxh3+ 24. Bxh3 Qh4 25. Bg2 Bxe2 26. Rf2 Bg4 27. Qb7 Nf6 28. Qe7 Qg3 29. Rxf6 Bh3 30. Rf2 Be5 31. Bf4 Bxf4 32. Nxf4 Rae8 33. Qf6 Bxg2 34. Nh5 Qe5 35. Qxe5 Rxe5 36. Nf6+ Kg7 37. Kxg2 h5 38. Rc7 h4 39. a4 Rg5+ 40. Kh2 Rg3 41. a5 Rxb3 42. a6 g5 43. a7 Kg6 44. Rxf7 Ra8 45. Nd5 Ra3 46. R2f6+ Kh5 47. Rh7+ Kg4 48. Rf2 Rh3+ 49. Kg1 Ra3 50. Nf6+ Kg3 51. Rg7 Ra1+ 52. Rf1 R8xa7 53. Rxg5+ Kh3 54. Rxa1 Rxa1+ 55. Kf2 Kh2 56. Ng4+ Kh1 57. Rh5 Ra2+ 58. Kf3 Ra3+ 59. Ne3 1-0

[Event "33rd Cannes Open 2019"]
[Site "Cannes"]
[Date "2019.02.22"]
[Round "7.4"]
[White "Rubio Mejia, Luis Ignacio"]
[Black "Ghasi, Ameet K"]
[Result "0-1"]
[ECO "E97"]
[WhiteElo "2437"]
[BlackElo "2503"]
[Annotator "ChessBase"]
[PlyCount "114"]
[EventDate "2019.02.18"]
[EventType "swiss"]
[EventCountry "FRA"]
[SourceTitle "playchess.com"]
[Source "ChessBase"]
[SourceQuality "1"]
[TimeControl "40/5400+30:1800+30"]

1. d4 Nf6 2. c4 g6 3. Nc3 Bg7 4. e4 d6 5. Nf3 O-O 6. Be2 e5 7. O-O Nc6 8. d5 Ne7 9. Nd2 a5 10. Rb1 Bd7 11. b3 c6 12. Bb2 c5 13. a3 Bh6 14. Re1 Ne8 15. Nb5 b6 16. Bd3 f5 17. Bc3 Bc8 18. b4 Nf6 19. bxc5 bxc5 20. f3 Bg5 21. Qe2 h5 22. a4 Rf7 23. Nb3 fxe4 24. Bxe4 Nf5 25. Bd2 Nh7 26. Bd3 Bd7 27. Bxf5 Bxf5 28. Rbc1 Bh4 29. Rf1 Bf6 30. Be3 Be7 31. Nd2 Nf6 32. Rf2 Qd7 33. Rff1 g5 34. Bxg5 Nxd5 35. cxd5 Bxg5 36. Rc4 Raf8 37. Ne4 Be7 38. Nf2 Rg7 39. Kh1 Rf6 40. Rg1 Rfg6 41. f4 exf4 42. Rxf4 Bg5 43. Rf3 Re7 44. Qb2 Bg4 45. Nxg4 hxg4 46. Qc2 Rh6 47. Rf5 Bf6 48. g3 Qe8 49. Rf2 Qh5 50. Qc4 Be5 51. Qb3 Rf7 52. Rgf1 Rf3 53. Qc2 Bxg3 54. Rxf3 gxf3 55. Nc3 Qxh2+ 56. Qxh2 Rxh2+ 57. Kg1 f2+ 0-1

[Event "33rd Cannes Open 2019"]
[Site "Cannes"]
[Date "2019.02.22"]
[Round "7.7"]
[White "Gilevych, Artem"]
[Black "Apicella, Manuel"]
[Result "1/2-1/2"]
[ECO "C15"]
[WhiteElo "2403"]
[BlackElo "2501"]
[Annotator "RC"]
[PlyCount "93"]
[EventDate "2019.02.18"]
[EventType "swiss"]
[EventCountry "FRA"]
[SourceTitle "playchess.com"]
[Source "ChessBase"]
[SourceQuality "1"]
[TimeControl "40/5400+30:1800+30"]

1. e4 e6 2. d4 d5 3. Nc3 Bb4 4. Nge2 Nc6 5. a3 Ba5 6. b4 Bb6 7. Bb2 Nge7 8. g3 e5 9. dxe5 Nxe5 10. Nf4 Ng4 11. Nd3 O-O 12. Bg2 Bd4 13. O-O dxe4 14. Nxe4 Bxb2 15. Nxb2 Qxd1 16. Rfxd1 Rb8 17. Rd2 b6 18. Re1 Nf5 19. h3 Ne5 20. f4 Ng6 21. Kf2 Bb7 22. Rd7 Rfc8 23. Nc4 Nf8 24. Rd2 Rd8 25. Red1 Ne6 26. a4 Kf8 27. c3 Rxd2+ 28. Rxd2 Rd8 29. Rxd8+ Nxd8 30. Bf3 Ke7 31. Ne3 Bxe4 32. Bxe4 Nxe3 33. Kxe3 h6 34. Bd5 c6 35. Bb3 Nb7 36. Kd4 f6 37. Bc2 Ke6 38. Bb3+ Ke7 39. Bd1 Ke6 40. Bg4+ f5 41. Bf3 c5+ 42. Kd3 Nd6 43. a5 Kf6 44. Bd5 Ke7 45. Bf3 Kf6 46. Bd5 Ke7 47. Bf3 1/2-1/2

[Event "33rd Cannes Open 2019"]
[Site "Cannes"]
[Date "2019.02.23"]
[Round "8.3"]
[White "Maiorov, Nikita"]
[Black "Basso, Pier Luigi"]
[Result "1/2-1/2"]
[ECO "D45"]
[WhiteElo "2523"]
[BlackElo "2512"]
[Annotator "ChessBase"]
[PlyCount "79"]
[EventDate "2019.02.18"]
[EventType "swiss"]
[EventCountry "FRA"]
[SourceTitle "playchess.com"]
[Source "ChessBase"]
[SourceQuality "1"]
[TimeControl "40/5400+30:1800+30"]

1. d4 d5 2. c4 c6 3. Nc3 Nf6 4. e3 e6 5. Nf3 Nbd7 6. Qc2 b6 7. Bd3 Bb7 8. O-O Be7 9. b3 dxc4 10. Bxc4 c5 11. dxc5 Bxc5 12. Bb2 O-O 13. Rad1 Qb8 14. Ng5 Ne5 15. Nce4 Nxe4 16. Nxe4 Bxe4 17. Qxe4 Nxc4 18. Qxc4 Rd8 19. Qe4 Rxd1 20. Rxd1 Qe8 21. Qe5 Bf8 22. Qc7 Qb5 23. Rc1 Qe2 24. Qc2 Qa6 25. h3 h6 26. Bd4 Bc5 27. Bxc5 bxc5 28. Qd2 Qb6 29. Rc3 a5 30. Rd3 a4 31. bxa4 Qb1+ 32. Kh2 c4 33. Ra3 Rb8 34. Qd4 Rb2 35. e4 Rxa2 36. Rg3 Qa1 37. Qxc4 Rxa4 38. Qc8+ Kh7 39. Qc7 Ra7 40. Qc3 1/2-1/2

[Event "33rd Cannes Open 2019"]
[Site "Cannes"]
[Date "2019.02.23"]
[Round "8.4"]
[White "Flear, Glenn C"]
[Black "Krzyzanowski, Marcin"]
[Result "0-1"]
[ECO "E92"]
[WhiteElo "2451"]
[BlackElo "2504"]
[Annotator "ChessBase"]
[PlyCount "72"]
[EventDate "2019.02.18"]
[EventType "swiss"]
[EventCountry "FRA"]
[SourceTitle "playchess.com"]
[Source "ChessBase"]
[SourceQuality "1"]
[TimeControl "40/5400+30:1800+30"]

1. d4 Nf6 2. c4 g6 3. Nc3 Bg7 4. e4 d6 5. Be2 O-O 6. Nf3 e5 7. d5 Na6 8. Bg5 h6 9. Bh4 Qe8 10. Nd2 Nh7 11. O-O h5 12. f3 Bh6 13. Rb1 Kh8 14. b4 f5 15. Qc2 g5 16. Bf2 f4 17. c5 g4 18. Kh1 Rg8 19. Bxa6 bxa6 20. Ne2 Qe7 21. fxg4 Bxg4 22. Nf3 Rg7 23. Rg1 Rag8 24. Qd3 h4 25. Nxh4 Nf6 26. cxd6 cxd6 27. h3 Bd7 28. Nc3 Rh7 29. Rbf1 Bg5 30. Nf5 Qf8 31. Qxa6 Nxe4 32. Nxe4 Qxf5 33. Qd3 Bb5 34. Qf3 Be2 35. Nxg5 Rxg5 36. Qb3 f3 0-1

[Event "33rd Cannes Open 2019"]
[Site "Cannes"]
[Date "2019.02.23"]
[Round "8.5"]
[White "Apicella, Manuel"]
[Black "Barp, Alberto"]
[Result "1-0"]
[ECO "C72"]
[WhiteElo "2501"]
[BlackElo "2420"]
[Annotator "ChessBase"]
[PlyCount "59"]
[EventDate "2019.02.18"]
[EventType "swiss"]
[EventCountry "FRA"]
[SourceTitle "playchess.com"]
[Source "ChessBase"]
[SourceQuality "1"]
[TimeControl "40/5400+30:1800+30"]

1. e4 e5 2. Nf3 Nc6 3. Bb5 a6 4. Ba4 d6 5. O-O Bd7 6. c3 g6 7. d4 Bg7 8. d5 Nce7 9. Bxd7+ Qxd7 10. c4 h6 11. Nfd2 f5 12. f3 Nf6 13. Nc3 O-O 14. b4 c6 15. Qb3 cxd5 16. cxd5 Rac8 17. Bb2 h5 18. Nc4 Qc7 19. Nxe5 fxe4 20. Nxe4 Nxe4 21. fxe4 Rxf1+ 22. Rxf1 Qc2 23. Nc6 Qxe4 24. Qf3 Qxf3 25. Nxe7+ Kh7 26. Rxf3 Rc2 27. Bxg7 Kxg7 28. Rg3 h4 29. Rxg6+ Kf7 30. Re6 1-0

[Event "33rd Cannes Open 2019"]
[Site "Cannes"]
[Date "2019.02.23"]
[Round "8.6"]
[White "Lodici, Lorenzo"]
[Black "Gilevych, Artem"]
[Result "0-1"]
[ECO "A17"]
[WhiteElo "2482"]
[BlackElo "2403"]
[Annotator "ChessBase"]
[PlyCount "58"]
[EventDate "2019.02.18"]
[EventType "swiss"]
[EventCountry "FRA"]
[SourceTitle "playchess.com"]
[Source "ChessBase"]
[SourceQuality "1"]
[TimeControl "40/5400+30:1800+30"]

1. Nf3 e6 2. c4 Nf6 3. Nc3 Bb4 4. g3 Nc6 5. Bg2 O-O 6. O-O Rb8 7. a3 Bxc3 8. bxc3 b6 9. d3 d6 10. e4 e5 11. Ne1 Nd7 12. Nc2 Nc5 13. Ne3 Na5 14. Rb1 Bd7 15. d4 Ncb3 16. f4 Nxc1 17. Rxc1 c5 18. dxc5 dxc5 19. fxe5 Be6 20. Qh5 Nxc4 21. Nd5 h6 22. Rf6 Bxd5 23. exd5 Nxe5 24. Rcf1 gxf6 25. Qxh6 Ng6 26. Be4 Qe7 27. Rf4 f5 28. Bxf5 Rbe8 29. Be4 Qe5 0-1

[Event "33rd Cannes Open 2019"]
[Site "Cannes"]
[Date "2019.02.23"]
[Round "8.7"]
[White "Barseghyan, Harutyun"]
[Black "Lamard, Guillaume"]
[Result "1/2-1/2"]
[ECO "A46"]
[WhiteElo "2457"]
[BlackElo "2389"]
[Annotator "ChessBase"]
[PlyCount "72"]
[EventDate "2019.02.18"]
[EventType "swiss"]
[EventCountry "FRA"]
[SourceTitle "playchess.com"]
[Source "ChessBase"]
[SourceQuality "1"]
[TimeControl "40/5400+30:1800+30"]

1. d4 Nf6 2. Nf3 e6 3. Bf4 d5 4. e3 Bd6 5. Bg3 c5 6. Nbd2 O-O 7. c3 Qc7 8. Ne5 Nbd7 9. f4 Ne4 10. Nxe4 dxe4 11. Bh4 cxd4 12. cxd4 Nxe5 13. fxe5 Be7 14. Bxe7 Qxe7 15. Qb3 Bd7 16. Bc4 b5 17. Be2 Qh4+ 18. g3 Qh3 19. Rc1 Rac8 20. Rxc8 Rxc8 21. Kd2 a5 22. Qd1 Qh6 23. Qb1 g6 24. Rc1 Rxc1 25. Qxc1 Qxh2 26. Qc7 Be8 27. d5 Qxg3 28. Qe7 Qxe5 29. Qxe8+ Kg7 30. Kc2 Qxd5 31. Qxb5 Qxa2 32. Bc4 Qa1 33. Qe5+ Kg8 34. Qb8+ Kg7 35. Qe5+ Kg8 36. Qxe4 Qa4+ 1/2-1/2

[Event "33rd Cannes Open 2019"]
[Site "Cannes"]
[Date "2019.02.23"]
[Round "8.8"]
[White "Gueci, Tea"]
[Black "Godena, Michele"]
[Result "0-1"]
[ECO "C70"]
[WhiteElo "2186"]
[BlackElo "2448"]
[Annotator "NA RC"]
[PlyCount "108"]
[EventDate "2019.02.18"]
[EventType "swiss"]
[EventCountry "FRA"]
[SourceTitle "playchess.com"]
[Source "ChessBase"]
[SourceQuality "1"]
[TimeControl "40/5400+30:1800+30"]

1. e4 e5 2. Nf3 Nc6 3. Bb5 a6 4. Ba4 b5 5. Bb3 g6 6. c3 Bg7 7. d4 exd4 8. cxd4 Nge7 9. d5 Na5 10. Bd2 c5 11. dxc6 dxc6 12. Nc3 O-O 13. O-O c5 14. Bg5 Qxd1 15. Raxd1 Nec6 16. Bd5 Bg4 17. Be3 c4 18. Bc5 Bxf3 19. gxf3 Rfe8 20. f4 Rac8 21. Bb6 Bh6 22. Be3 Nb4 23. e5 Nxd5 24. Rxd5 Nc6 25. Ne4 Red8 26. Rfd1 Rxd5 27. Rxd5 Rd8 28. Nf6+ Kg7 29. Rxd8 Nxd8 30. Ne8+ Kf8 31. Nc7 Ne6 32. Nxe6+ fxe6 33. Kg2 Ke8 34. Kf3 Bf8 35. Ke4 Kd7 36. a4 bxa4 37. Kd4 a3 38. bxa3 Bxa3 39. Kxc4 Kc6 40. Bd2 Bc5 41. f3 Bg1 42. h3 Bc5 43. Bc1 a5 44. Bd2 a4 45. Bc1 h5 46. Bd2 Ba3 47. Be3 Bb2 48. Kb4 a3 49. Kb3 Kd5 50. Bf2 Bc1 51. Bg1 Bxf4 52. Kxa3 Kc4 53. Kb2 Kd3 54. Kb3 Bxe5 0-1